AoeStats
← The Red Knight

Arabia

503426005Analyzed
1v1 RM · 1mo ago on Aug 31, 2026· 31m 32s· 2 players
Game mode
Random Map
Map size
Tiny (2 player)
Population
200
Speed
Normal
Resources
Standard
Victory
Conquest
Starting age
Dark Age
Ending age
Imperial Age
RankedLock teamsTeams togetherTeam positionsShared explorationLock speedFull tech treeHidden civsTurbo modeCheats
Victory
Defeat
🇺🇸 Franks · United States
1117
+14
🇨🇷 Mongols · Costa Rica
1069
-14
The Red Knight
7:43 Loom
10:09 Feudal Age
10:28 Man-at-Arms
15:10 Wheelbarrow
15:43 Double-Bit Axe
20:01 Castle Age
19:10 Scale Barding Armor
19:30 Town Watch
20:32 Forging
21:21 Chain Barding Armor
25:40 Husbandry
27:52 Hand Cart
31:17 Iron Casting
Demax
10:03 Feudal Age
17:05 Castle Age
20:46 Horse Collar
21:51 Fletching
24:57 Bodkin Arrow
25:49 Scale Mail Armor
26:33 Town Watch
27:54 Pikeman
31:31 Husbandry
Connection lost

Rejoining the realm…

Still unreachable

The connection could not be restored.

Session expired

The server has moved on; the page needs a fresh start.